 Seeded DCSS version 0.29.1-15-g9cfb28693d (webtiles) character file.

Game seed: 11851575853161599096 (custom seed)

24506 Sanktem7 the Cleaver (level 13, 0/103 HPs)
             Began as a Formicid Fighter on Mar 18, 2023.
             Was the Champion of Okawaru.
             Slain by an 18-headed hydra (2 damage)
             ... on level 12 of the Dungeon.
             The game lasted 00:22:04 (12261 turns).

Sanktem7 the Cleaver (Formicid Fighter)            Turns: 12261, Time: 00:22:05

Health: 0/103      AC: 43    Str: 25    XL:     13   Next: 43%
Magic:  16/16      EV: 11    Int: 16    God:    Okawaru [******]
Gold:   1842       SH: 12    Dex: 13    Spells: 12/12 levels left

rFire   . . .      SeeInvis +   K - +6 war axe of the Puffin {protect, rPois Int+3, axe}
rCold   . . .      Faith    .   c - +0 buckler
rNeg    + . .      Spirit   .   u - +15 Maxwell's patent armour {-Cast -Tele rElec Will+ rCorr}
rPois   +          Reflect  +   (helmet unavailable)
rElec   +          Harm     .   y - +0 cloak
rCorr   +          Rampage  .   M - +0 pair of gloves
Will    ++...      NoCast   +   H - +2 pair of boots of Snakes and Ladders {rN+}
Stlth   ..........              J - amulet "Kisy" {Reflect Int+4 SH+5}
HPRegen 0.27/turn               i - +4 ring of evasion
MPRegen 0.15/turn               n - +4 ring of slaying

@: under a protective aura
A: permanent stasis, dig shafts and tunnels, antennae 3, four strong arms,
poison resistance
a: Dig, Shaft Self, Renounce Religion, Heroism, Finesse, Duel


You were on level 12 of the Dungeon.
You worshipped Okawaru.
Okawaru was exalted by your worship.
You visited 1 branch of the dungeon, and saw 12 of its levels.
You also visited: Gauntlet.

You collected 1946 gold pieces.
You spent 104 gold pieces at shops.


Innate Abilities, Weirdness & Mutations

You cannot be hasted, slowed, berserked, paralysed or teleported.
You can dig through walls and to a lower floor.
You have a pair of large antennae on your head. (SInv)
Your four strong arms can wield two-handed weapons with a shield.
Your system is resistant to poisons. (rPois)


   Skills:
 + Level 10.2 Fighting
 * Level 12.7 Axes
 + Level 8.8 Throwing
 + Level 10.3 Armour
 + Level 12.0 Shields
 - Level 5.0 Invocations


You had 12 spell levels left.
You didn't know any spells.
Your spell library contained the following spells:

 Spells                   Type           Power      Damage    Failure   Level
 Magic Dart               Conj           0%         1d3       96%         1
 Shock                    Conj/Air       0%         1d3       96%         1
 Searing Ray              Conj           0%         2d4       99%         2
 Static Discharge         Conj/Air       0%         3-3/arc   99%         2
 Airstrike                Air            0%         2d(0-16)  100%        4
 Fulminant Prism          Conj/Hex       0%         3d6       100%        4
 Alistair's Intoxication  Tmut/Pois      0%         N/A       100%        5
 Borgnjor's Vile Clutch   Necr/Erth      0%         N/A       100%        5
 Iskenderun's Battlesphe  Conj           0%         2d6       100%        5
 Lightning Bolt           Conj/Air       0%         1d11      100%        5
 Dispersal                Tloc           0%         N/A       100%        6
 Eringya's Noxious Bog    Tmut/Pois      0%         N/A       100%        6
 Iron Shot                Conj/Erth      0%         9d1       100%        6
 Disjunction              Tloc           0%         N/A       100%        8
 Maxwell's Capacitive Co  Air            0%         ∞         100%        8
 Swiftness                Air            Unusable   N/A       N/A         3
 Spellforged Servitor     Conj/Summ      Unusable   N/A       N/A         7

Inventory:

Hand Weapons
 K - the +6 war axe of the Puffin (weapon) {protect, rPois Int+3, axe}
   (Okawaru gifted it to you on level 9 of the Dungeon)

   It grants its wielder temporary protection when it strikes (+7 to AC).
   Int:       It affects your intelligence (+3).
   rPois:     It protects you from poison.
Missiles
 h - 5 boomerangs {throwing}
 k - 9 silver javelins {throwing}
 r - 27 stones {throwing}
 L - 4 poisoned darts {throwing}
 R - 3 javelins {throwing}
Armour
 c - a +0 buckler (worn)
 m - the +1 leather armour of Brilliance {*Slow +Inv Int+4}
   (You found it on level 11 of the Dungeon)

   Int:       It affects your intelligence (+4).
   +Inv:      It lets you turn invisible.
   *Slow:     It may slow you when you take damage.
 u - the +15 Maxwell's patent armour (worn) {-Cast -Tele rElec Will+ rCorr}
   (You found it on level 3 of the Dungeon)

   rElec:     It insulates you from electricity.
   -Cast:     It prevents spellcasting.
   -Tele:     It prevents most forms of teleportation.
   rCorr:     It protects you from acid and corrosion.
   Will:      It increases your willpower.
 y - a +0 cloak (worn)
   (You took it off Maurice on level 8 of the Dungeon)
 H - the +2 pair of boots of Snakes and Ladders (worn) {rN+}
   (You acquired it on level 8 of the Dungeon)

   rN:        It protects you from negative energy.
 M - a +0 pair of gloves (worn)
   (You found it on level 10 of the Dungeon)
Magical Staves
 S - a staff of fire {!astaff}
   (You found it in a Gauntlet)
 V - a staff of fire {!astaff}
   (You found it in a Gauntlet)
Jewellery
 i - a +4 ring of evasion (left hand)
   (You found it on level 2 of the Dungeon)
 n - a +4 ring of slaying (right hand)
   (You found it on level 1 of the Dungeon)
 J - the amulet "Kisy" (around neck) {Reflect Int+4 SH+5}
   (You found it on level 7 of the Dungeon)

   [amulet of reflection]

   It reflects blocked missile attacks.
   Int:       It affects your intelligence (+4).
   SH:        It affects your SH (+5).
 O - a +6 ring of dexterity
   (You took it off an orc on level 12 of the Dungeon)
Wands
 v - a wand of paralysis (29)
   (You found it on level 4 of the Dungeon)
 D - a wand of flame (70)
   (You found it on level 6 of the Dungeon)
 I - a wand of iceblast (19)
   (You took it off Maurice on level 8 of the Dungeon)
 T - a wand of polymorph (5)
   (You found it in a Gauntlet)
Scrolls
 a - a scroll of enchant weapon
 b - a scroll of immolation {unknown}
 j - 6 scrolls of teleportation {@r4}
 l - 3 scrolls of blinking {unknown}
 o - 2 scrolls of identify {@r1}
 p - 2 scrolls of enchant armour
 q - a scroll of poison
 s - 3 scrolls of noise {unknown}
 x - 3 scrolls of fog {unknown}
 E - 2 scrolls of fear {unknown}
 F - a scroll of amnesia {unknown}
 G - a scroll of magic mapping {unknown}
Potions
 d - 4 potions of might
 e - 14 potions of curing {@q1}
 f - 5 potions of haste {@q3}
 g - 5 potions of brilliance
 t - 3 potions of flight {unknown}
 w - 2 potions of magic
 z - a potion of heal wounds {@q2}
 A - 2 potions of berserk rage {unknown}
 B - 2 potions of invisibility {unknown}
 C - a potion of lignification {unknown}
 N - a potion of attraction {unknown}
 P - 3 potions of cancellation {unknown}
Miscellaneous
 U - a phantom mirror
   (You found it in a Gauntlet)

Dungeon Overview and Level Annotations

Branches:
Dungeon (12/15) Zot: 26543  Temple (0/1) D:5            Lair (0/5) D:9
    Orc (0/2) D:12        Gauntlet (visited)

Altars:
Okawaru
Uskayaw
Wu Jian
Yredelemnul

Shops:
D:4 [   D:5 [ D:7

* ###### ......#
########## .†.....
#........#
.......###........#
######
#....D@..)....#
#....#
######........#
#....# ####'#####
#....# #..# ##.###
##.## #..# #††#
#.## ##.# ###.####
########.###
#......#
#..........#


You could see a 18-headed hydra.


Message History

The 15-headed hydra misses you. You block the 15-headed hydra's attack.
The 15-headed hydra barely misses you. You block the 15-headed hydra's attack.
The 15-headed hydra bites you but does no damage.
The 15-headed hydra bites you.
* * * LOW HITPOINT WARNING * * *
You block the 15-headed hydra's attack.
The 15-headed hydra bites you but does no damage. x2
The 15-headed hydra barely misses you.
The 15-headed hydra completely misses you.
The 15-headed hydra barely misses you.
The 15-headed hydra bites you but does no damage.
You block the 15-headed hydra's attack. 😨 HP[-4]
You take 4 damage, and now have 38/103 hp.
You lop one of the 15-headed hydra's heads off!
The 14-headed hydra grows two more!
You hit the 16-headed hydra.
The 16-headed hydra bites you but does no damage.
You block the 16-headed hydra's attack. The 16-headed hydra closely misses you.
The 16-headed hydra bites you but does no damage.
The 16-headed hydra bites you!
* * * LOW HITPOINT WARNING * * *
The 16-headed hydra bites you.
* * * LOW HITPOINT WARNING * * *
The 16-headed hydra bites you but does no damage.
The 16-headed hydra barely misses you. The 16-headed hydra bites you!
* * * LOW HITPOINT WARNING * * *
The 16-headed hydra misses you.
The 16-headed hydra bites you but does no damage. x2
The 16-headed hydra barely misses you. x2
The 16-headed hydra bites you but does no damage.
The 16-headed hydra bites you!
* * * LOW HITPOINT WARNING * * *
😱 HP[-30]
You take 30 damage, and now have 8/103 hp.
MASSIVE DAMAGE!! (PAUSE)
There is an open door here.
Okay, then.
That item cannot be used by those who cannot gain allies!
You feel much better. The 16-headed hydra bites you!
* * * LOW HITPOINT WARNING * * *
You block the 16-headed hydra's attack. x2
The 16-headed hydra bites you but does no damage.
You block the 16-headed hydra's attack.
The 16-headed hydra bites you but does no damage.
The 16-headed hydra bites you.
* * * LOW HITPOINT WARNING * * *
The 16-headed hydra barely misses you.
The 16-headed hydra bites you but does no damage. x2
The 16-headed hydra barely misses you.
The 16-headed hydra bites you but does no damage. x2
The 16-headed hydra barely misses you.
The 16-headed hydra bites you but does no damage. x2 😱 HP[+13]
You regained 13 hp, and now have 21/103 hp.
You feel much better.
The boulder beetle leaps!
You block the 16-headed hydra's attack. x3; The 16-headed hydra bites you!
* * * LOW HITPOINT WARNING * * *
The 16-headed hydra barely misses you. x2; The 16-headed hydra misses you.
The 16-headed hydra bites you!
* * * LOW HITPOINT WARNING * * *
The 16-headed hydra bites you but does no damage.
The 16-headed hydra bites you.
* * * LOW HITPOINT WARNING * * *
The 16-headed hydra bites you but does no damage.
You block the 16-headed hydra's attack.
The 16-headed hydra bites you but does no damage.
The 16-headed hydra barely misses you. The 16-headed hydra bites you!
* * * LOW HITPOINT WARNING * * *
The 16-headed hydra bites you but does no damage. 😱 HP[-4]
You take 4 damage, and now have 17/103 hp.
You chop one of the 16-headed hydra's heads off!
The 15-headed hydra grows two more!
You slice the 17-headed hydra!!
You hack one of the 17-headed hydra's heads off!
The 16-headed hydra grows two more!
You slash the 18-headed hydra!
The 18-headed hydra bites you but does no damage.
You block the 18-headed hydra's attack.
The 18-headed hydra bites you but does no damage.
You block the 18-headed hydra's attack.
The 18-headed hydra bites you but does no damage.
You block the 18-headed hydra's attack.
The 18-headed hydra bites you but does no damage.
The 18-headed hydra bites you!
* * * LOW HITPOINT WARNING * * *
The 18-headed hydra bites you!
* * * LOW HITPOINT WARNING * * *
The 18-headed hydra closely misses you.
The 18-headed hydra bites you but does no damage. x5
The 18-headed hydra bites you.
* * * LOW HITPOINT WARNING * * *
The 18-headed hydra bites you but does no damage.
The 18-headed hydra closely misses you. 😱 HP[-16]
You take 16 damage, and now have 1/103 hp.
You completely miss the 18-headed hydra.
The 18-headed hydra bites you but does no damage. x2
The 18-headed hydra barely misses you. The 18-headed hydra closely misses you.
The 18-headed hydra bites you but does no damage.
The 18-headed hydra bites you.
You die...

Skill      XL: |  1  2  3  4  5  6  7  8  9 10 11 12 13 |
---------------+----------------------------------------+-----
Throwing       | 1 2 3 4 5 7 8 |  8.8
Axes           | 3 4 5 6 7 9 10 12 | 12.7
Fighting       | 4 5 6 7 8 9 10 | 10.2
Armour         | 4 5 6 7 8 9 10 | 10.3
Shields        | 5 6 7 8 10 11 12 | 12.0
Invocations    | 3 4 5 |  5.0

Action                   |  1- 3 |  4- 6 |  7- 9 | 10-12 | 13-15 || total
-------------------------+-------+-------+-------+-------+-------++-------
Melee: War axe           |    16 |       |       |   326 |   169 ||   511
       Battleaxe         |    77 |   139 |   211 |    43 |       ||   470
Invok: Heroism           |       |       |       |     2 |       ||     2
  Use: Scroll            |       |       |       |    10 |       ||    10
       Potion            |       |       |       |     6 |     2 ||     8
Armor: Scale mail        |    50 |    14 |       |       |       ||    64
       Plate armour      |       |    49 |   158 |   219 |   129 ||   555
Dodge: Dodged            |    94 |    90 |    97 |   173 |    73 ||   527
Block: Buckler           |    43 |    41 |    75 |   264 |    77 ||   500
       Reflection        |       |       |     1 |    15 |       ||    16

Levels and vault maps discovered:
D:1:      lightli_iron_boxes, layout_basic
D:2:      layout_rooms, shapermc_ecumenical_altar_flowoftime
D:3:      layout_basic, uniq_natasha
D:4:      layout_rooms, serial_shops, nicolae_take_the_stairs,
          uniq_blork_the_orc
D:5:      layout_basic, minmay_temple_entry_stoned_glass, serial_shops,
          nicolae_lakefront_shop, grunt_ministairs_2,
          minmay_misc_feat_more_columns, kennysheep_generic_room_15
D:6:      layout_basic, serial_rivers, chequers_serial_rivers_small_a,
          chequers_serial_rivers_micro_c, chequers_serial_rivers_micro_d,
          chequers_serial_rivers_micro_b, chequers_serial_rivers_small_a
D:7:      layout_basic, chequers_temple_overflow_statue_of_worship,
          serial_shops, shop_statue, hellmonk_ghost_happy_afterlife,
          uniq_duvessa, uniq_joseph
D:8:      layout_loops_ring, amcnicky_altar_gilded, guppyfry_early_elven_hall,
          uniq_maurice
D:9:      kennysheep_blocky_room, layout_long_grid, erik_lair_orcish_takeover
D:10:     layout_stronghold, uniq_josephine, uniq_grum
D:11:     layout_stronghold, gauntlet_entry_generic, minmay_misc_feat_cross,
          serial_bayou_lake_a
D:12:     layout_roguey, zombieorc1_lemuel, chequers_serial_rivers_micro_c,
          nzn_sisyphean_effort

Notes
Turn   | Place    | Note
-------+----------+-------------------------------------------
     0 | D:1      | Sanktem7 the Formicid Fighter began the quest for the Orb.
     0 | D:1      | Reached XP level 1. HP: 18/18 MP: 1/1
     0 | D:1      | magus.rc [v1.9.6]
    10 | D:1      | You fall into a shaft and drop 1 floor!
   125 | D:2      | Reached XP level 2. HP: 24/24 MP: 2/2
   281 | D:2      | Found a faded altar of an unknown god.
   357 | D:1      | Reached XP level 3. HP: 29/29 MP: 3/3
   514 | D:1      | Reached skill level 1 in Throwing
   785 | D:1      | Reached XP level 4. HP: 36/36 MP: 4/4
   880 | D:1      | You pick up a book of Power and begin reading...
   880 | D:1      | You add the spells Iskenderun's Battlesphere, Iron Shot and
                  | Spellforged Servitor to your library.
  1333 | D:2      | Reached skill level 3 in Axes
  1410 | D:3      | Noticed Natasha
  1417 | D:3      | Killed Natasha
  1511 | D:3      | Found the +15 Maxwell's patent armour {-Cast -Tele rElec
                  | Will+ rCorr}
  1603 | D:3      | Reached XP level 5. HP: 42/42 MP: 5/5
  1811 | D:3      | You pick up a book of Air and begin reading...
  1811 | D:3      | You add the spells Shock and Airstrike to your library.
  1849 | D:3      | Noticed Natasha
  1857 | D:3      | Killed Natasha
  1970 | D:3      | Noticed Natasha
  1973 | D:3      | Killed Natasha
  1974 | D:3      | Reached skill level 4 in Fighting
  1974 | D:3      | Reached skill level 4 in Armour
  2227 | D:4      | Noticed Blork the orc
  2230 | D:4      | Reached XP level 6. HP: 42/48 MP: 6/6
  2240 | D:4      | Killed Blork the orc
  2241 | D:4      | Reached skill level 4 in Axes
  2241 | D:4      | Reached skill level 2 in Throwing
  2241 | D:4      | Reached skill level 5 in Shields
  2500 | D:4      | Found Kagucra's Armour Boutique.
  2549 | D:4      | Reached XP level 7. HP: 55/55 MP: 7/7
  2840 | D:5      | Entered Level 5 of the Dungeon
  2871 | D:5      | Found Ozadgha's Antique Armour Boutique.
  3212 | D:5      | You add the spells Alistair's Intoxication, Borgnjor's Vile
                  | Clutch and Eringya's Noxious Bog to your library.
  3352 | D:5      | Found a staircase to the Ecumenical Temple.
  3413 | D:5      | Reached skill level 5 in Axes
  3714 | D:5      | Reached skill level 3 in Throwing
  3714 | D:5      | Reached skill level 5 in Armour
  3714 | D:5      | Reached XP level 8. HP: 61/61 MP: 8/8
  3804 | D:5      | Reached skill level 5 in Fighting
  3804 | D:5      | Reached skill level 6 in Shields
  4103 | D:6      | You pick up a book of Lightning and begin reading...
  4103 | D:6      | You add the spells Static Discharge, Lightning Bolt and
                  | Maxwell's Capacitive Coupling to your library.
  4456 | D:6      | Reached skill level 6 in Axes
  5118 | D:7      | Noticed Duvessa
  5119 | D:7      | Noticed Dowan
  5127 | D:7      | Killed Dowan
  5128 | D:7      | Reached XP level 9. HP: 65/69 MP: 9/9
  5132 | D:7      | Killed Duvessa
  5138 | D:7      | Found an iron altar of Okawaru.
  5139 | D:7      | Found a hide-covered altar of Uskayaw.
  5141 | D:7      | Found an ornate altar of the Wu Jian Council.
  5146 | D:7      | Became a worshipper of Warmaster Okawaru
  5295 | D:7      | Reached skill level 4 in Throwing
  5516 | D:7      | Found Cyud's General Store.
  5527 | D:7      | Bought 2 potions of curing for 78 gold pieces
  5527 | D:7      | Bought a scroll of identify for 26 gold pieces
  5528 | D:7      | Identified the +1 scale mail of Varoxzih {+Blink Int+5}
  5542 | D:7      | Reached skill level 7 in Shields
  5542 | D:7      | Reached skill level 1 in Invocations
  5544 | D:7      | Reached skill level 6 in Fighting
  5544 | D:7      | Reached skill level 6 in Armour
  5548 | D:7      | Reached skill level 7 in Axes
  5766 | D:7      | Found a runed translucent door.
  5766 | D:7      | Noticed roninjake's ghost (novice DEAE)
  5863 | D:7      | Reached * piety under Okawaru
  6047 | D:7      | Identified the amulet "Kisy" {Reflect Int+4 SH+5}
  6052 | D:7      | Noticed Joseph
  6062 | D:7      | Killed Joseph
  6063 | D:7      | Reached skill level 2 in Invocations
  6267 | D:7      | Killed roninjake's ghost
  6267 | D:7      | Reached ** piety under Okawaru
  6333 | D:8      | Found a basalt altar of Yredelemnul.
  6515 | D:8      | Reached skill level 3 in Invocations
  6583 | D:8      | Noticed Maurice
  6594 | D:8      | Killed Maurice
  6595 | D:8      | Reached XP level 10. HP: 68/77 MP: 12/12
  6704 | D:8      | Reached skill level 8 in Axes
  6704 | D:8      | Reached skill level 5 in Throwing
  6711 | D:8      | Reached skill level 8 in Shields
  6716 | D:8      | Reached *** piety under Okawaru
  6717 | D:8      | Reached skill level 7 in Armour
  6726 | D:8      | Reached skill level 7 in Fighting
  6726 | D:8      | Reached skill level 4 in Invocations
  6789 | D:8      | HP: 17/68 [wight/+1 mace (1)]
  6790 | D:8      | HP: 8/68 [wight/+1 war axe of freezing (9)]
  6829 | D:8      | HP: 14/70 [wight/+0 spear (1)]
  6834 | D:8      | HP: 11/69 [wight/+0 spear (5)]
  7586 | D:8      | Noticed a deep elf pyromancer
  7593 | D:8      | Killed a deep elf pyromancer
  7593 | D:8      | Received a gift from Okawaru
  7853 | D:8      | Identified 2 scrolls of acquirement
  7853 | D:8      | Acquired 939 gold pieces
  7855 | D:8      | Acquired the +2 pair of boots of Snakes and Ladders {rN+}
  7978 | D:9      | Reached **** piety under Okawaru
  7986 | D:9      | Reached skill level 9 in Axes
  7989 | D:9      | Reached XP level 11. HP: 84/84 MP: 14/14
  7994 | D:9      | Reached skill level 5 in Invocations
  8107 | D:9      | Reached skill level 9 in Shields
  8108 | D:9      | Reached skill level 6 in Throwing
  8144 | D:9      | Found a staircase to the Lair.
  8343 | D:9      | Noticed a manticore
  8351 | D:9      | Killed a manticore
  8352 | D:9      | Reached skill level 8 in Armour
  8355 | D:9      | Noticed a wizard
  8378 | D:9      | Killed a wizard
  8378 | D:9      | Reached ***** piety under Okawaru
  8379 | D:9      | Reached skill level 8 in Fighting
  8879 | D:9      | Reached skill level 10 in Axes
  8879 | D:9      | Identified the +6 war axe of the Puffin {protect, rPois
                  | Int+3} (Okawaru gifted it to you on level 9 of the Dungeon)
  8879 | D:9      | Received a gift from Okawaru
  9250 | D:10     | Entered Level 10 of the Dungeon
  9404 | D:10     | Noticed Grum
  9427 | D:10     | Killed Grum
  9484 | D:10     | You pick up a book of the Warp and begin reading...
  9484 | D:10     | You add the spells Dispersal and Disjunction to your
                  | library.
  9561 | D:10     | Reached skill level 10 in Shields
  9669 | D:10     | Noticed Josephine
  9685 | D:10     | Killed Josephine
  9686 | D:10     | Reached skill level 7 in Throwing
  9686 | D:10     | Reached XP level 12. HP: 91/94 MP: 15/15
  9982 | D:10     | Received a gift from Okawaru
  9994 | D:10     | Reached skill level 11 in Axes
  9994 | D:10     | Reached skill level 9 in Armour
 10072 | D:10     | Reached skill level 9 in Fighting
 10197 | D:11     | Found a gate leading to a gauntlet.
 10208 | Gauntlet | Entered a Gauntlet
 10208 | Gauntlet | Found a transporter.
 10225 | Gauntlet | Found a transporter.
 10227 | Gauntlet | Found a transporter.
 10228 | Gauntlet | Found a transporter.
 10236 | Gauntlet | Found a transporter.
 10288 | Gauntlet | Found a transporter.
 10300 | Gauntlet | Reached ****** piety under Okawaru
 10333 | Gauntlet | Found a transporter.
 10336 | Gauntlet | Noticed a death scarab
 10338 | Gauntlet | Identified the ring "Xaymposho" {Contam +Blink Will+ Int+4}
 10346 | Gauntlet | Found a transporter.
 10348 | Gauntlet | Found a transporter.
 10351 | Gauntlet | Killed a death scarab
 10361 | Gauntlet | Found a transporter.
 10367 | Gauntlet | Noticed a hell hog
 10377 | Gauntlet | Found a runed translucent door.
 10378 | Gauntlet | Found a transporter.
 10379 | Gauntlet | Found a transporter.
 10379 | Gauntlet | Found a transporter.
 10382 | Gauntlet | Noticed a fire crab
 10395 | Gauntlet | Killed a hell hog
 10395 | Gauntlet | Received a gift from Okawaru
 10396 | Gauntlet | Reached skill level 11 in Shields
 10404 | Gauntlet | Received a gift from Okawaru
 10688 | Gauntlet | Identified the +1 hat of Leapfrog {Rampage}
 10708 | Gauntlet | Reached skill level 8 in Throwing
 10708 | Gauntlet | Found a transporter.
 10712 | Gauntlet | Killed a fire crab
 10712 | Gauntlet | Received a gift from Okawaru
 10737 | Gauntlet | Noticed a minotaur
 10743 | Gauntlet | Killed a minotaur
 10748 | Gauntlet | Identified the +1 leather armour of the Stonemason {Int+8
                  | Dex+6}
 10759 | Gauntlet | Gained mutation: You are strong-willed. (Will+) [potion of
                  | mutation]
 10759 | Gauntlet | Gained mutation: Your magical capacity is low. (-10% MP)
                  | [potion of mutation]
 10760 | Gauntlet | Lost mutation: You are strong-willed. (Will+) [potion of
                  | mutation]
 10760 | Gauntlet | Lost mutation: Your magical capacity is low. (-10% MP)
                  | [potion of mutation]
 10760 | Gauntlet | Gained mutation: You are clumsy. (Dex -2) [potion of
                  | mutation]
 10760 | Gauntlet | Gained mutation: You are partially covered in iridescent
                  | scales. (AC +2) [potion of mutation]
 10761 | Gauntlet | Lost mutation: You are clumsy. (Dex -2) [potion of
                  | mutation]
 10761 | Gauntlet | Lost mutation: You are partially covered in iridescent
                  | scales. (AC +2) [potion of mutation]
 10761 | Gauntlet | Gained mutation: You are partially covered in iridescent
                  | scales. (AC +2) [potion of mutation]
 10761 | Gauntlet | Gained mutation: You expend magic power (3 MP) to
                  | strengthen your wands. [potion of mutation]
 10762 | Gauntlet | Lost mutation: You expend magic power (3 MP) to strengthen
                  | your wands. [potion of mutation]
 10762 | Gauntlet | Lost mutation: You are partially covered in iridescent
                  | scales. (AC +2) [potion of mutation]
 10762 | Gauntlet | Gained mutation: You expend magic power (3 MP) to
                  | strengthen your wands. [potion of mutation]
 10762 | Gauntlet | Gained mutation: Your magical capacity is low. (-10% MP)
                  | [potion of mutation]
 10763 | Gauntlet | Lost mutation: You expend magic power (3 MP) to strengthen
                  | your wands. [potion of mutation]
 10763 | Gauntlet | Lost mutation: Your magical capacity is low. (-10% MP)
                  | [potion of mutation]
 10763 | Gauntlet | Gained mutation: You have hidden genetic defects. [potion
                  | of mutation]
 10763 | Gauntlet | Gained mutation: Your skin changes colour to match your
                  | surroundings (Stealth+). [potion of mutation]
 10764 | Gauntlet | Lost mutation: Your skin changes colour to match your
                  | surroundings (Stealth+). [potion of mutation]
 10764 | Gauntlet | Lost mutation: You have hidden genetic defects. [potion of
                  | mutation]
 10764 | Gauntlet | Gained mutation: Your system is resistant to poisons.
                  | (rPois) [potion of mutation]
 10787 | D:11     | You pick up a book of Conjurations {@e2} and begin
                  | reading...
 10787 | D:11     | You add the spells Magic Dart, Searing Ray and Fulminant
                  | Prism to your library.
 10812 | D:11     | Noticed a two-headed ogre
 10820 | D:11     | Killed a two-headed ogre
 10821 | D:11     | Reached skill level 12 in Axes
 10821 | D:11     | Reached XP level 13. HP: 102/102 MP: 16/16
 11221 | D:11     | Reached skill level 10 in Armour
 11336 | D:11     | Identified the +1 leather armour of Brilliance {*Slow +Inv
                  | Int+4}
 11502 | D:11     | Reached skill level 10 in Fighting
 12009 | D:12     | Found a staircase to the Orcish Mines.
 12225 | D:12     | Reached skill level 12 in Shields
 12240 | D:12     | Noticed a seven-headed hydra
 12242 | D:12     | Noticed a boulder beetle
 12254 | D:12     | HP: 19/103 [16-headed hydra (10)]
 12254 | D:12     | HP: 8/103 [16-headed hydra (11)]
 12260 | D:12     | HP: 10/103 [18-headed hydra (7)]
 12260 | D:12     | HP: 2/103 [18-headed hydra (8)]
 12261 | D:12     | Slain by an 18-headed hydra

Vanquished Creatures
  A minotaur (Gauntlet)
  Josephine (D:10)
  3 two-headed ogres (D:11)
  A death scarab (Gauntlet)
  A hell hog (Gauntlet)
  A fire crab (Gauntlet)
  A spectral hydra (Gauntlet)
  A wizard (D:9)
  A necromancer (Gauntlet)
  The ghost of roninjake the Thaumaturge, a novice DEAE of Vehumet (D:7)
  A deep elf pyromancer (D:8)
  An orc sorcerer (D:12)
  A cyclops (D:11)
  2 manticores
  Maurice (D:8)
  2 unseen horrors
  Joseph (D:7)
  2 kobold demonologists
  A komodo dragon (D:10)
  5 slime creatures (D:10)
  6 wraiths
  A water elemental (D:11)
  A shadow (D:10)
  2 wyverns
  A ynoxinul (Gauntlet)
  29 yaks
  10 fire bats (Gauntlet)
  Grum (D:10)
  A vampire (D:11)
  2 vampire mosquitoes (D:10)
  2 wargs (D:9)
  2 hell hounds (Gauntlet)
  Duvessa (D:7)
  2 orc warriors (D:9)
  A sky beast (D:7)
  7 wolves
  6 centaurs
  3 ogres
  4 kobold brigands
  4 phantoms
  Blork the orc (D:4)
  4 bullfrogs
  A gnoll sergeant (D:9)
  A necrophage (D:6)
  2 scorpions
  9 wights
  Dowan (D:7)
  5 killer bees (D:11)
  4 howler monkeys
  8 electric eels (D:11)
  3 jellies
  2 orc priests
  4 hounds
  2 iron imps (Gauntlet)
  2 gnoll boudas
  8 orc wizards
  2 iguanas (D:5)
  Natasha (thrice) (D:3)
  6 ogre zombies (D:12)
  5 adders
  13 gnolls
  A shadow imp (D:7)
  2 white imps
  3 dart slugs
  28 orcs
  7 bats
  9 endoplasms
  4 giant cockroaches
  9 goblins
  6 hobgoblins
  7 jackals
  21 kobolds
  4 quokkas
  8 ball pythons
  2 frilled lizards
  4 goblin zombies (D:12)
  4 hobgoblin zombies (D:12)
  2 orc skeletons (D:12)
  8 orc zombies (D:12)
330 creatures vanquished.

Vanquished Creatures (others)
  3 fungi (Gauntlet)
  9 plants
  A withered plant (Gauntlet)
13 creatures vanquished.

Grand Total: 343 creatures vanquished

Table legend:
 A = Non-vault XP
 B = Vault XP
 C = Vault XP percentage of total XP
 D = Non-vault monster count
 E = Vault monster count
 F = Vault count percentage of total count
                 A         B        C        D         E       F
            +---------+---------+-------+---------+---------+-------
      Total |   19222 |   15787 |  45.1 |     242 |      88 |  26.7
            +---------+---------+-------+---------+---------+-------
        D:1 |      64 |       0 |   0.0 |      26 |       0 |   0.0
        D:2 |      32 |       0 |   0.0 |      17 |       0 |   0.0
        D:3 |      94 |      35 |  27.1 |      12 |       1 |   7.7
        D:4 |     252 |      91 |  26.5 |      25 |       1 |   3.8
        D:5 |     582 |      59 |   9.2 |      17 |       4 |  19.0
        D:6 |     493 |       0 |   0.0 |      15 |       0 |   0.0
        D:7 |     825 |    1184 |  58.9 |      24 |       4 |  14.3
        D:8 |    2048 |     975 |  32.3 |      22 |       2 |   8.3
        D:9 |    3230 |    2572 |  44.3 |      23 |      15 |  39.5
       D:10 |    4079 |    2226 |  35.3 |      21 |       9 |  30.0
       D:11 |    4991 |       0 |   0.0 |      26 |       0 |   0.0
       D:12 |    2532 |    1032 |  29.0 |      14 |      28 |  66.7
   Gauntlet |       0 |    7613 | 100.0 |       0 |      24 | 100.0
            +---------+---------+-------+---------+---------+-------

Illustrated notes

Table legend:
 A = Kills in this place as a percentage of kills in entire the game.
 B = Kills by you in this place as a percentage of kills by you in the entire game.
 C = Kills by friends in this place as a percentage of kills by friends in the entire game.
 D = Other kills in this place as a percentage of other kills in the entire game.
 E = Experience gained in this place as a percentage of experience gained in the entire game.
 F = Experience gained in this place divided by the number of levels of this place that you have seen.
                   A       B       C       D       E      F
               +-------+-------+-------+-------+-------+----------------------
         Total | 100.0 | 100.0 |   N/A |   N/A | 100.0 | 2693.0
       Dungeon |  92.7 |  92.7 |   N/A |   N/A |  78.3 | 2283.0
      Gauntlet |   7.3 |   7.3 |   N/A |   N/A |  21.7 | 7613.0
               +-------+-------+-------+-------+-------+----------------------

Table legend: (Time is in decaauts)
 A = Elapsed time spent in this place.
 B = Non-inter-level travel time spent in this place.
 C = Inter-level travel time spent in this place.
 D = Time resting spent in this place.
 E = Time spent auto-exploring this place.
 F = Levels seen in this place.
 G = Mean time per level.
                   A        B        C        D        E       F      G
               +--------+--------+--------+--------+--------+-----+--------+
         Total |  12502 |  12231 |    271 |    271 |   9745 |  13 |  961.7 |
       Dungeon |  11951 |  11680 |    271 |    100 |   9587 |  12 |  995.9 |
      Gauntlet |    551 |    551 |      0 |    171 |    158 |   1 |  551.0 |
               +--------+--------+--------+--------+--------+-----+--------+

Top non-repeatable levels by time:
     D:8: 1590 daAuts
     D:9: 1363 daAuts
     D:7: 1352 daAuts
     D:5: 1190 daAuts
    D:11: 1058 daAuts
     D:6: 1024 daAuts
    D:10: 945 daAuts
     D:3: 805 daAuts
     D:2: 757 daAuts
     D:1: 731 daAuts
     D:4: 676 daAuts
Gauntlet: 551 daAuts
    D:12: 456 daAuts
